 Dungeon Crawl Stone Soup version 0.28-a0-1190-g77e1c55843 (webtiles) character file.

Game seed: 12549815126058235476

2429 Glokmah the Martial Artist (level 9, 0/66 HPs)
             Began as a Vampire Transmuter on Dec 18, 2021.
             Was an Initiate of Ru.
             Slain by a hornet (11 damage)
             ... on level 9 of the Dungeon.
             The game lasted 00:19:43 (8725 turns).

Glokmah the Martial Artist (Vampire Transmuter)     Turns: 8725, Time: 00:19:44

Health: 0/66       AC:  6    Str: 13    XL:     9   Next: 24%
Magic:  14/16      EV: 20    Int: 15    God:    Ru [......]
Gold:   353        SH:  0    Dex: 26    Spells: 8/18 levels left

rFire   . . .      SeeInvis +     - Unarmed
rCold   . . .      Faith    .   (shield currently unavailable)
rNeg    . . .      Spirit   .   (armour currently unavailable)
rPois   x          Reflect  .   (helmet currently unavailable)
rElec   .          Harm     .   (cloak currently unavailable)
rCorr   .          Rampage  .   (gloves currently unavailable)
Will    .....                   (boots currently unavailable)
Stlth   ++........              (no amulet)
HPRegen 0.41/turn               k - +4 ring of protection
MPRegen 0.15/turn               A - +6 ring of dexterity

@: lethally poisoned (0 -> -9), spider-form, healing quickly
A: venomous fangs, tiny, alive, (fangs 3), see invisible, vampiric 2
a: Exsanguinate, End Transformation, Renounce Religion


You were on level 9 of the Dungeon.
You worshipped Ru.
Ru was noncommittal.
You were a venomous arachnid creature.
You visited 2 branches of the dungeon, and saw 10 of its levels.

You collected 353 gold pieces.

Inventory:

Hand Weapons
 g - a +2 short sword of venom
 l - a +5 hunting sling
Missiles
 o - 4 javelins
 s - 28 poisoned darts
 u - a throwing net
Armour
 i - the +1 ring mail of Fabulous Joy (melded) {rN+ Will+ Stlth+}
   (You found it on level 6 of the Dungeon)

   rN:        It protects you from negative energy.
   Will:      It increases your willpower.
   Stlth:     It makes you more stealthy.
 p - a +2 helmet (melded)
Jewellery
 k - a +4 ring of protection (left front leg)
 A - a +6 ring of dexterity (right front leg)
Wands
 n - a wand of acid (15)
 r - a wand of flame (21)
Scrolls
 d - a scroll of enchant weapon
 q - a scroll of amnesia
 t - 5 scrolls of identify
 x - a scroll of magic mapping {unknown}
 y - 2 scrolls of enchant armour
 B - a scroll of fear {unknown}
Potions
 c - a potion of magic {unknown}
 e - 4 potions of ambrosia {unknown}
 f - 3 potions of brilliance
 h - 2 potions of flight
 j - a potion of degeneration {unknown}
 m - 2 potions of lignification {unknown}
 v - a potion of attraction {unknown}
 w - a potion of might {unknown}
 z - a potion of curing


   Skills:
 + Level 4.5 Fighting
 - Level 2.1 Dodging
 - Level 0.7 Stealth
 * Level 9.1 Unarmed Combat
 - Level 5.0 Spellcasting
 + Level 4.7 Hexes
 - Level 6.0 Transmutations
 - Level 2.0 Poison Magic


You had 8 spell levels left.
You knew the following spells:

 Your Spells              Type           Power      Damage    Failure   Level
a - Beastly Appendage     Tmut           42%        N/A       6%          1
b - Wereblood             Tmut           21%        N/A       8%          2
c - Spider Form           Tmut/Pois      15%        N/A       24%         3
d - Cause Fear            Hex            8%         N/A       45%         4

Your spell library contained the following spells:

 Spells                   Type           Power      Damage    Failure   Level
 Magic Dart               Conj           12%        1d3       34%         1
 Shock                    Conj/Air       12%        1d3       34%         1
 Dazzling Flash           Conj/Hex       20%        N/A       38%         3
 Inner Flame              Hex/Fire       10%        N/A       38%         3
 Call Imp                 Summ           3%         N/A       45%         2
 Mephitic Cloud           Conj/Pois/Air  5%         N/A       58%         3
 Gell's Gravitas          Tloc           3%         N/A       65%         3
 Lesser Beckoning         Tloc           3%         N/A       65%         3
 Swiftness                Air            3%         N/A       65%         3
 Teleport Other           Tloc           3%         N/A       65%         3
 Ice Form                 Ice/Tmut       12%        N/A       65%         4
 Airstrike                Air            1%         N/A       95%         4
 Iskenderun's Mystic Bla  Conj/Tloc      3%         2d3       95%         4
 Starburst                Conj/Fire      1%         6d3       100%        6
 Discord                  Hex            8%         N/A       100%        8


Dungeon Overview and Level Annotations

Branches:
Dungeon (9/15)             Temple (1/1) D:6
   Lair: D:8-11         Orc: D:9-12

Altars:
Ashenzari
Cheibriados
Dithmenos
Elyvilon
Fedhas
Gozag
Hepliaklqana
Kikubaaqudgha
Makhleb
Nemelex Xobeh
Okawaru
Qazlal
Ru
Sif Muna
Trog
Uskayaw
Vehumet
Wu Jian
Xom
Yredelemnul
Zin
The Shining One

Shops:
D:6 [   D:7 =


Innate Abilities, Weirdness & Mutations

You are a venomous arachnid creature.
You have poisonous fangs.
You are tiny and dextrous.
Your spellcasting is less reliable in this form.
Your armour is entirely melded.
You are incapable of wielding weapons or throwing items.
Your natural rate of healing is accelerated.
((You have razor-sharp teeth.))
You have supernaturally acute eyesight. (SInv)
You are afflicted with vampirism and can become a bat while bloodless.


Message History

The centaur kicks you but does no damage.
A kobold comes into view. It is wielding a +0 dagger.
The hornet stings you.
You are more poisoned.
You feel yourself slow down. The centaur closely misses you.
The centaur completely misses you.
The kobold throws a stone.
The stone misses you.
You hit the hornet.
The hornet is poisoned.
The hornet is lightly wounded.
You feel yourself speed up.
You feel extremely sick. The hornet barely misses you.
The centaur barely misses you. The centaur kicks you. The hornet stings you!
You feel yourself slow down. The centaur completely misses you.
The centaur closely misses you.
You bite the hornet!
The hornet is heavily wounded.
You feel yourself speed up.
You feel extremely sick. The hornet barely misses you. The centaur hits you.
The centaur kicks you but does no damage.
The hornet stings you.
* * * LOW HITPOINT WARNING * * *
You feel yourself slow down. The centaur closely misses you.
The centaur kicks you but does no damage.
The hornet completely misses you.
You hit the hornet.
The hornet is severely wounded.
You feel yourself speed up.
* * * LOW HITPOINT WARNING * * *
You feel very sick. The centaur closely misses you.
The centaur barely misses you. The hornet barely misses you.
The centaur hits you but does no damage.
The centaur misses you.
Okay, then.
You barely miss the hornet.
The hornet is severely wounded.
* * * LOW HITPOINT WARNING * * *
You feel sick. The hornet stings you!
You die...

#.........##
#......[.###
#.......###.
####.......##$
..........###
. #....<.##$.#
#......##..#
#...y..## .##
#...s..##[.##
#...c..###..
#....>..##}..
#.?K....###..
#........###.
#........?##
............
...########..


You could see a hornet (very poisoned), a centaur and a kobold.

Vanquished Creatures
  3 centaur zombies
  An orc warrior (D:8)
  A black bear (D:7)
  2 ice beasts
  A sky beast (D:5)
  A necrophage (D:3)
  An ogre (D:5)
  A centaur (D:6)
  A phantom (D:5)
  A kobold brigand (D:8)
  A scorpion (D:5)
  3 bullfrogs
  2 wights (D:7)
  2 howler monkeys
  A jelly (D:6)
  2 centaur skeletons
  3 orc priests
  A bullfrog skeleton (D:5)
  A gnoll shaman (D:7)
  2 hounds
  An iguana (D:4)
  4 orc wizards
  A howler monkey zombie (D:6)
  A howler monkey skeleton (D:5)
  Robin (D:3)
  8 gnolls
  13 adders
  2 shadow imps
  A white imp (D:6)
  2 dart slugs
  9 orcs
  7 ball pythons
  2 endoplasms
  3 giant cockroaches
  14 goblins
  7 hobgoblins
  8 jackals
  2 quokkas
  4 bats
  5 frilled lizards
  15 kobolds
  4 rats
145 creatures vanquished.

Notes
Turn   | Place    | Note
-------+----------+-------------------------------------------
     0 | D:1      | Glokmah the Vampire Transmuter began the quest for the Orb.
     0 | D:1      | Reached XP level 1. HP: 14/14 MP: 3/3
   240 | D:1      | Reached XP level 2. HP: 20/20 MP: 5/5
  1014 | D:2      | Found a faded altar of an unknown god.
  1025 | D:2      | Reached skill level 4 in Unarmed Combat
  1108 | D:2      | Gained mutation: You are afflicted with vampirism and can
                  | become a bat while bloodless. [Vampire growth]
  1108 | D:2      | Reached XP level 3. HP: 25/25 MP: 6/6
  1111 | D:2      | Learned a level 2 spell: Wereblood
  1115 | D:2      | Learned a level 3 spell: Spider Form
  1194 | D:2      | Reached skill level 1 in Fighting
  1457 | D:2      | Reached XP level 4. HP: 30/32 MP: 7/7
  2223 | D:3      | Noticed a necrophage
  2237 | D:3      | Killed a necrophage
  2238 | D:3      | Reached skill level 5 in Unarmed Combat
  2238 | D:3      | Reached skill level 1 in Poison Magic
  2238 | D:3      | Reached XP level 5. HP: 16/38 MP: 5/8
  2685 | D:3      | Noticed Robin
  2724 | D:3      | Killed Robin
  2920 | D:4      | Identified a scroll of acquirement
  2920 | D:4      | Acquired a book of Hexes
  3195 | D:4      | Reached XP level 6. HP: 31/44 MP: 7/10
  3931 | D:5      | Entered Level 5 of the Dungeon
  3960 | D:5      | Reached skill level 6 in Unarmed Combat
  3960 | D:5      | Reached XP level 7. HP: 14/51 MP: 9/12
  4236 | D:5      | Reached skill level 7 in Unarmed Combat
  4368 | D:5      | Found a broken altar of Ashenzari.
  4401 | D:5      | Learned a level 4 spell: Cause Fear
  4499 | D:5      | Reached XP level 8. HP: 58/58 MP: 7/13
  4503 | D:5      | Reached skill level 1 in Hexes
  4650 | D:5      | Reached skill level 5 in Transmutations
  4967 | D:6      | Found Adet's Antique Armour Emporium.
  5388 | D:6      | Identified the +1 ring mail of Fabulous Joy {rN+ Will+
                  | Stlth+}
  5496 | D:6      | Reached skill level 8 in Unarmed Combat
  5760 | D:6      | Found a staircase to the Ecumenical Temple.
  5773 | Temple   | Entered the Ecumenical Temple
  6182 | Temple   | Became a worshipper of Ru the Awakened
  6448 | D:6      | HP: 2/48 [wight (2)]
  7126 | D:7      | Found Ucvoax's One-of-a-Kind Rings.
  7360 | D:7      | Reached XP level 9. HP: 54/56 MP: 16/16
  8139 | D:8      | Reached skill level 9 in Unarmed Combat
  8150 | D:8      | Reached skill level 5 in Spellcasting
  8725 | D:9      | Slain by a hornet

Illustrated notes

Levels and vault maps discovered:
D:1:      onia_arrival_mini_maze_b, layout_basic
D:2:      layout_loops_ring, basic_altar, ebering_ecumenical_altar_abandoned,
          wander_ebering_terrifying_dragon_lair
D:3:      layout_loops_ring, uniq_robin
D:4:      layout_basic, grunt_ministairs_5
D:5:      layout_rooms, ashenzari_conservatory_becter, fountainhead
D:6:      layout_loops_corners, minmay_temple_entry_statues_fountains,
          serial_shops, nicolae_stop_n_shop_2
D:7:      layout_layer_cave, nicolae_shop_unique_rings
D:8:      layout_loops_ring
D:9:      gammafunk_steamed_eel, layout_small_grid, orc_david_3,
          minmay_mirror_moons_of_madness
Temple:   minmay_crystal_snake_temple

Skill      XL: |  1  2  3  4  5  6  7  8  9 |
---------------+----------------------------+-----
Unarmed Combat | 4 5 6 7 8 9 |  9.1
Fighting       | 1 2 3 4 |  4.5
Transmutations | 3 4 5 6 |  6.0
Poison Magic   | 1 2 |  2.0
Spellcasting   | 3 4 5 |  5.0
Hexes          | 4 |  4.7
Dodging        | |  2.1
Stealth        | |  0.7

Action                   |  1- 3 |  4- 6 |  7- 9 || total
-------------------------+-------+-------+-------++-------
Melee: Unarmed           |   102 |   165 |   275 ||   542
       Bite              |     6 |    13 |    22 ||    41
       Headbutt          |     8 |    13 |     6 ||    27
       Kick              |     9 |    27 |    15 ||    51
       Punch             |     1 |     7 |     8 ||    16
 Cast: Beastly Appendage |    10 |    16 |    17 ||    43
       Wereblood         |     2 |    13 |    16 ||    31
       Spider Form       |     1 |     1 |    12 ||    14
Invok: Reject Sacrifices |       |       |     1 ||     1
 Abil: Exsanguinate      |       |       |     1 ||     1
       Revivify          |       |       |     1 ||     1
  Use: Scroll            |       |     8 |     5 ||    13
       Potion            |       |       |     3 ||     3
 Stab: Sleeping          |     4 |     1 |     4 ||     9
Armor: Robe              |    21 |    58 |    44 ||   123
       Skin              |       |       |    21 ||    21
       Ring mail         |       |       |    48 ||    48
Dodge: Dodged            |    71 |   117 |   184 ||   372

Table legend: (Time is in decaauts)
 A = Elapsed time spent in this place.
 B = Non-inter-level travel time spent in this place.
 C = Inter-level travel time spent in this place.
 D = Time resting spent in this place.
 E = Time spent auto-exploring this place.
 F = Levels seen in this place.
 G = Mean time per level.
                   A        B        C        D        E       F      G
               +--------+--------+--------+--------+--------+-----+--------+
         Total |   8671 |   7718 |    953 |    274 |   5895 |  10 |  867.1 |
       Dungeon |   8241 |   7547 |    694 |    274 |   5745 |   9 |  915.7 |
        Temple |    430 |    171 |    259 |      0 |    150 |   1 |  430.0 |
               +--------+--------+--------+--------+--------+-----+--------+

Top non-repeatable levels by time:
     D:7: 1268 daAuts
     D:6: 1178 daAuts
     D:5: 1078 daAuts
     D:3: 1045 daAuts
     D:1: 1003 daAuts
     D:4: 957 daAuts
     D:2: 906 daAuts
     D:8: 792 daAuts
  Temple: 430 daAuts
     D:9: 10 daAuts
